Get step-by-step instructions on how to execute this build order below. Start the game timer, and the build order will tick by so you can play in parallel with StarCraft on a second screen or mobile device.

Game Time

  0:00

Last Step

  N/A

Next Step

  12  0:00  SCV  

Upcoming Step

  13  0:12  SCV  

Don't want to look back and forth between 2 screens? Try out our Overwolf App, the Spawning Tool Build Advisor to get an in-game overlay with this build!

Complete Build Order

  12  0:00  SCV  
  13  0:12  SCV  
  14  0:25  Supply Depot  
  14  0:27  SCV  
  15  0:47  SCV  
  16  0:50  Barracks  
  16  0:56  Refinery  
  16  0:59  SCV  
  16  1:02  Refinery  
  17  1:11  SCV  
  17  1:16  Supply Depot  
  18  1:23  SCV  
  19  1:35  SCV  
  19  1:38  Reaper  
  21  1:47  SCV  
  22  1:58  Factory  
  22  2:00  SCV  
  23  2:11  Barracks Tech Lab  
  23  2:12  SCV  
  24  2:26  Command Center  
  24  2:36  Orbital Command  
  24  2:42  Factory Tech Lab  
  24  2:49  Engineering Bay  
  24  2:52  Marine  
  25  3:02  SCV  
  26  3:10  Siege Tank  
  29  3:13  Marine  
  29  3:14  SCV  
  31  3:22  Missile Turret  
  31  3:26  SCV  
  32  3:31  Marauder  
  34  3:34  Concussive Shells  
  34  3:44  Orbital Command  
  34  3:47  SCV  
  38  3:55  Siege Tank  
  38  3:58  Marine  
  39  4:05  SCV  
  39  4:09  SCV  
  41  4:16  Marine  
  42  4:17  SCV  
  42  4:18  Missile Turret  
  42  4:22  SCV  
  44  4:30  SCV  
  45  4:34  SCV, Siege Tank, Marine  
  50  4:42  SCV  
  51  4:46  SCV  
  51  4:47  Combat Shield  
  51  4:52  Marauder  
  54  4:54  SCV  
  54  4:58  SCV  
  56  5:06  SCV  
  57  5:10  SCV  
  57  5:13  Marine  
  59  5:14  Refinery  
  59  5:16  Refinery  
  59  5:18  SCV, Command Center  
  60  5:22  SCV  
  61  5:30  Supply Depot  
  61  5:31  Marine  
  61  5:33  Supply Depot  
  61  5:34  Supply Depot  
  62  5:39  Starport  
  62  5:51  SCV x2, Siege Tank  
  67  6:02  Marine  
  67  6:03  SCV x2  
  70  6:09  Stimpack  
  70  6:15  Starport Tech Lab  
  70  6:16  SCV  
  71  6:20  Marine  
  72  6:28  Factory  
  72  6:30  Starport  
  72  6:32  Barracks  
  72  6:36  Barracks  
  72  6:38  Marine  
  73  6:42  Planetary Fortress  
  73  6:47  SCV x2, Missile Turret  
  75  6:56  Terran Infantry Weapons Level 1  
  75  6:59  Armory, SCV x2  
  77  7:01  Marine  
  77  7:02  Siege Tank  
  77  7:04  Medivac  
  83  7:11  SCV  
  84  7:18  Factory Tech Lab  
  84  7:19  Marine  
  85  7:24  Factory Reactor  
  85  7:27  Starport Reactor  
  85  7:30  Barracks Reactor x2  
  85  7:35  Siege Tank  
  85  7:36  SCV x2  
  85  7:37  SCV  
  91  7:39  Marine  
  91  7:43  Liberator  
  95  7:48  SCV x2  
  95  7:49  SCV  
  98  7:51  Supply Depot  
  98  7:53  Terran Vehicle Weapons Level 1  
  98  7:55  Supply Depot  
  98  7:56  Supply Depot  
  98  7:57  Marine  
  99  8:00  SCV  
  99  8:04  Hellbat x2  
  99  8:05  Infernal Pre-Igniter  
  104  8:07  Hellbat  
  104  8:10  Liberator  
  109  8:15  Marine  
  109  8:17  SCV x2, Refinery  
  109  8:18  SCV, Refinery  
  109  8:19  Marine x2  
  115  8:20  Marine x2  
  115  8:22  Medivac  
  115  8:26  Liberator  
  122  8:29  SCV  
  122  8:30  SCV x2  
  122  8:32  Hellbat x3  
  122  8:33  Marine  
  132  8:37  Marine x4  
  136  8:41  SCV  
  136  8:42  SCV x2  
  139  8:50  Marine  
  139  8:53  Hellbat  
  139  8:54  SCV x2  
  139  8:55  Marine x4, Hellbat  
  148  8:58  Siege Tank  
  148  9:00  Medivac, Command Center  
  148  9:02  Medivac  
  157  9:08  Marine  
  158  9:12  Marine x2  
  158  9:13  Marine  
  158  9:16  Terran Infantry Weapons Level 2  
  161  9:17  Marine  
  161  9:21  Hellbat  
  161  9:24  Smart Servos  
  164  9:26  Marine  
  164  9:28  Hellbat  
  164  9:30  Marine x2, Siege Tank  
  172  9:36  Supply Depot x2  
  172  9:37  Supply Depot  
  172  9:40  Marine  
  173  9:50  Marine x2  
  173  9:51  Marine x2  
  173  9:52  Liberator, Raven  
  171  9:53  Liberator  
  171  9:58  Marine  
  161  10:08  Marine x2  
  154  10:14  Planetary Fortress  
  154  10:17  SCV x3  
  157  10:22  Marine x3  
  157  10:24  Hellbat x2  
  157  10:25  Marine x2, Hellbat  
  157  10:27  Terran Vehicle And Ship Armor Level 1  
  168  10:29  SCV x3  
  171  10:40  Marine x3  
  171  10:41  Liberator x3, SCV x2  
  185  10:43  Marine x2  
  185  10:49  Fusion Core  
  187  10:53  Siege Tank  
  187  10:56  Hellbat  
  192  10:57  Marine  
  192  10:58  Marine x2  
  192  10:59  Hellbat  
  192  11:01  Marine x2  
  199  11:04  Refinery  
  199  11:05  Refinery  
  199  11:15  Marine  
  200  11:21  Missile Turret  
  200  11:39  Rapid Reignition System